Cogmind - Beta 10.2 @@@ ROGUE MODE // 2021.05.17 @ 19:29:04 Player: Zoe Result: Destroyed by P-70 Sage with Tesla Rifle Performance ------------- Evolutions (5) 2500 Regions Visited (17) 3400 Robots Destroyed (214) 1070 Value Destroyed (9522) 9522 Prototype IDs (24) 480 Alien Tech Used (0) 0 Bonus (6891) 6891 TOTAL SCORE: 23863 Bonus ------- Triggered High Security 500 High Alert Combat Kills 3317 Follower Combat Kills 3275 Met Data Miner 300 Built Enhanced Grunts 300 Met R17 at Cetus 500 Friendly Fire -1301 Cogmind --------- Core Integrity 0/1000 Matter 300/300 Energy 100/100 System Corruption 37% Temperature Cool (9) Movement Treading (160) Location -5/Factory Parts ------- > --- POWER (2) -------- (None) > --- PROPULSION (4) --- Centrium Heavy Treads > --- UTILITY (8) ------ (None) > --- WEAPON (3) ------- (None) > --- INVENTORY (4) ---- Flexi-carbon Leg Peak State ------------ > --- POWER ------------ Light Angular Momentum Engine Quantum Reactor > --- PROPULSION ------- Enhanced Flexi-carbon Leg Enhanced Flexi-carbon Leg Enhanced Flexi-carbon Leg Enhanced Flexi-carbon Leg > --- UTILITY ---------- Advanced Heat Sink Advanced Heat Sink Advanced Heat Sink Medium Storage Unit High-capacity Storage Unit Layered Medium Armor Plating Centrium Medium Armor Plating Centrium Medium Armor Plating > --- WEAPON ----------- Heavy Plasma Cannon Neutron Cannon Neutron Cannon > --- INVENTORY -------- Light Antimatter Reactor Quantum Reactor Centrium Heavy Treads Carbon-fiber Leg Carbon-fiber Leg Enhanced Flexi-carbon Leg Enhanced Flexi-carbon Leg Improved Sensor Array Layered Medium Armor Plating Experimental Thermal Shield Advanced Variable Charge Gun Advanced Variable Charge Gun Advanced Variable Charge Gun Gauss Rifle Gauss Rifle [Rating: 109] Favorites ----------- Power Enhanced Nuclear Core Engine Cooled Ion Engine Power Core Enhanced Nuclear Core Reactor Quantum Reactor Propulsion Carbon-fiber Leg Treads Light Treads Leg Carbon-fiber Leg Utility Medium Storage Unit Device Improved Cooling System Storage Medium Storage Unit Protection Improved Light Armor Plating Weapon Cooled Plasma Cannon Energy Gun Advanced Variable Charge Gun Energy Cannon Cooled Plasma Cannon Ballistic Gun Gauss Rifle Launcher Proton Missile Launcher Build | -11 -10 -9 -9 -9 -7 -7 -7 -7 -7 -7 -6 -6 -6 -6 -5 -5 -5 ------- Run | Scr Mat Mat Sto Rec Fac Was Fac Low Low Dat Pro Fac Ext Cet Fac Was Fac Slots Evolved 10 | . . 2 . . 4 . . . . . . 2 . . 2 . . Power 1 | . . . . . . . . . . . . 1 . . . . . Propulsion 2 | . . 2 . . . . . . . . . . . . . . . Utility 6 | . . . . . 4 . . . . . . 1 . . 1 . . Weapon 1 | . . . . . . . . . . . . . . . 1 . . Parts Attached 270 | 6 1 13 21 . 13 5 22 . 21 . . 24 34 38 21 . 51 Power 26 | 1 . 1 4 . . 1 2 . 1 . . 1 2 6 3 . 4 Engine 14 | 1 . 1 4 . . 1 1 . . . . . 2 2 . . 2 Core 6 | . . . . . . . 1 . 1 . . 1 . . 1 . 2 Reactor 6 | . . . . . . . . . . . . . . 4 2 . . Propulsion 72 | 2 1 6 8 . 1 3 8 . 8 . . 5 7 12 1 . 10 Treads 24 | . . 2 8 . 1 . 8 . 4 . . . . . . . 1 Leg 48 | 2 1 4 . . . 3 . . 4 . . 5 7 12 1 . 9 Wheel . | . . . . . . . . . . . . . . . . . . Hover . | . . . . . . . . . . . . . . . . . . Flight . | . . . . . . . . . . . . . . . . . . Utility 81 | 1 . 1 2 . 8 . 5 . 6 . . 9 16 16 6 . 11 Device 31 | . . . . . 2 . 1 . 2 . . 1 10 8 4 . 3 Storage 9 | 1 . 1 2 . . . 2 . 1 . . 1 . 1 . . . Processor . | . . . . . . . . . . . . . . . . . . Hackware . | . . . . . . . . . . . . . . . . . . Protection 41 | . . . . . 6 . 2 . 3 . . 7 6 7 2 . 8 Artifact . | . . . . . . . . . . . . . . . . . . Weapon 91 | 2 . 5 7 . 4 1 7 . 6 . . 9 9 4 11 . 26 Energy Gun 16 | . . 2 . . . . . . . . . 1 3 2 3 . 5 Energy Cannon 23 | . . 1 3 . 2 1 2 . 2 . . 2 3 . 3 . 4 Ballistic Gun 27 | 2 . 2 2 . . . 2 . 1 . . 4 . 2 4 . 8 Ballistic Cannon . | . . . . . . . . . . . . . . . . . . Launcher 25 | . . . 2 . 2 . 3 . 3 . . 2 3 . 1 . 9 Special Weapon . | . . . . . . . . . . . . . . . . . . Impact Weapon . | . . . . . . . . . . . . . . . . . . Slashing Weapon . | . . . . . . . . . . . . . . . . . . Piercing Weapon . | . . . . . . . . . . . . . . . . . . Special Melee Weapon . | . . . . . . . . . . . . . . . . . . Unidentified Prototypes 14 | . . 1 3 . . . 1 . 1 . . . . 5 1 . 2 Parts Lost 85 | . . 6 4 . . 5 2 . 1 . 1 2 9 9 14 . 32 Power 13 | . . 1 . . . . . . . . . . 2 2 2 . 6 Propulsion 21 | . . 4 3 . . 4 . . . . . . 1 . . . 9 Utility 26 | . . . . . . . 1 . 1 . . . 2 7 4 . 11 Weapon 25 | . . 1 1 . . 1 1 . . . 1 2 4 . 8 . 6 Highest Loss Streak 29 | . . 2 3 . . 4 1 . 1 . 1 1 7 5 5 . 29 Average Slot Usage (%) 91 | . 85 87 99 100 98 77 89 100 87 76 76 91 91 89 96 76 86 Engine 2 | . 14 11 11 11 7 5 . . . . . . 2 3 2 . . Core 4 | . . . . . . . 4 7 7 7 7 12 9 . 1 . . Reactor 1 | . . . . . . . . . . . . . . 8 5 11 8 Treads 14 | . . 8 40 44 30 10 22 30 21 . . . . . . . . Leg 14 | . 28 31 3 . . 11 5 . 8 30 30 26 26 26 23 23 21 Device 10 | . . . . . 9 15 15 15 11 7 7 12 9 8 17 17 17 Storage 14 | . 14 14 22 22 15 15 15 15 15 15 15 13 13 13 11 11 10 Protection 9 | . . . . . 18 7 9 15 6 . . 13 16 14 14 5 9 Energy Gun 1 | . . 9 2 . . . . . . . . 1 2 1 3 . 1 Energy Cannon 8 | . . 1 15 22 14 11 6 7 11 15 15 5 9 3 9 . . Ballistic Gun 4 | . 28 11 2 . . . 6 7 2 . . 4 . 7 2 5 10 Naked Turns . | . . . . . . . . . . . . . . . . . . Heaviest Build 121 | 11 11 24 40 40 64 64 87 73 78 65 65 96 108 116 121 86 115 Greatest Support 112 | 20 20 40 83 80 80 80 96 96 108 60 60 65 70 112 112 104 104 Greatest Overweight (x) 2 | . . 1 1 . . 2 2 . 1 1 1 1 1 2 1 . 1 Average Overweight (x) . | . . . . . . 1 . . . 1 . 1 1 . . . . Largest Inventory Capacity 16 | 6 6 10 12 12 12 12 16 16 16 16 16 16 16 16 16 16 16 Average Capacity 14 | 4 6 7 11 12 12 12 15 16 16 16 16 16 16 16 16 16 15 Most Carried 16 | 2 3 10 12 12 12 12 16 14 16 16 16 16 16 16 16 10 16 Average Carried 12 | . 2 4 11 12 11 9 11 13 15 16 16 15 15 14 13 10 11 Final Capacity 16 | 6 6 10 12 12 12 12 16 16 16 16 16 16 16 16 16 16 4 Final Carried 16 | 2 3 8 12 12 12 8 13 14 16 16 16 16 16 16 10 10 1 Class Distribution -------------------- 52% | Scavenger-Mutant 27% | Mutant 9% | Scavenger-Tank 9% | Machinist-Mutant Dominant Class ---------------- Mutant | -10/Materials Mutant | -9/Materials Scavenger-Mutant | -9/Storage Scavenger-Mutant | -9/Recycling Scavenger-Mutant | -7/Factory Mutant | -7/Waste Scavenger-Mutant | -7/Factory Mutant | -7/Lower Caves Mutant | -7/Lower Caves Machinist-Mutant | -7/Data Miner Machinist-Mutant | -6/Proximity Caves Scavenger-Mutant | -6/Factory Scavenger-Mutant | -6/Extension Scavenger-Mutant | -6/Cetus Scavenger-Tank | -5/Factory Scavenger-Mutant | -5/Waste Scavenger-Tank | -5/Factory Resources | -11 -10 -9 -9 -9 -7 -7 -7 -7 -7 -7 -6 -6 -6 -6 -5 -5 -5 ----------- Run | Scr Mat Mat Sto Rec Fac Was Fac Low Low Dat Pro Fac Ext Cet Fac Was Fac Matter Collected 6341 | 163 68 343 268 . 58 . 647 . 855 . . 435 1070 1320 365 . 749 Remotely . | . . . . . . . . . . . . . . . . . . Salvage Created 10830 | . 68 546 803 65 250 . 1258 . 668 . . 871 1246 499 1408 . 3148 Parts 501 | . 5 37 53 8 17 . 55 . 30 . . 50 49 24 55 . 118 Haulers Intercepted 5 | . . 1 1 . . . 3 . . . . . . . . . . Recyclers Shooed 12 | . . 2 . . . . 3 . . . . 4 2 . . . 1 Parts Field Recycled . | . . . . . . . . . . . . . . . . . . Retrieved Matter . | . . . . . . . . . . . . . . . . . . Parts Self-Destructed 18 | . . . . . . . . 5 13 . . . . . . . . Prevented 14 | . . . . . . . . . 14 . . . . . . . . Kills | -11 -10 -9 -9 -9 -7 -7 -7 -7 -7 -7 -6 -6 -6 -6 -5 -5 -5 ------- Run | Scr Mat Mat Sto Rec Fac Was Fac Low Low Dat Pro Fac Ext Cet Fac Was Fac Combat Hostiles Destroyed 175 | . 1 11 18 1 10 . 17 . 11 . . 15 14 11 24 . 42 Guns 52 | . 1 10 4 . . . 3 . . . . 7 2 8 13 . 4 Cannons 50 | . . 1 8 1 4 . 9 . 6 . . 2 9 2 8 . . AOE 50 | . . . 6 . 6 . 5 . 5 . . 5 3 . 2 . 18 Classes Destroyed 17 | . 2 3 1 2 1 . 3 . 2 . . . 1 . . . 2 Worker 5 | . . . . . . . 3 . . . . 2 . . . . . Builder 5 | . . . . 1 . . . . . . . . 2 . 2 . . Tunneler 1 | . . . . . 1 . . . . . . . . . . . . Hauler 5 | . . 1 1 . . . 3 . . . . . . . . . . Recycler 9 | . . 1 1 1 . . 2 . . . . . 3 . . . 1 Mechanic 5 | . . . . . . . . . . . . . . . . . 5 Drone 1 | . . . . 1 . . . . . . . . . . . . . Watcher 8 | . 1 1 2 . . . 1 . . . . 1 2 . . . . Swarmer 30 | . . . 7 . 7 . 3 . . . . 4 3 5 1 . . Saboteur 3 | . . . . . . . . . . . . . . . . . 3 Grunt 78 | . 1 8 4 . 2 . 6 . 8 . . 7 2 1 15 . 24 Brawler 4 | . . . . . . . . . . . . . . . . . 4 Duelist 6 | . . . . . . . . . 2 . . 1 . . . . 3 Sentry 21 | . . 3 7 . 1 . 5 . . . . . 5 . . . . Hunter 18 | . . . . . . . 1 . . . . 1 1 2 8 . 5 Programmer 7 | . . . . . . . 2 . . . . 2 . . . . 3 Behemoth 1 | . . . . . . . . . 1 . . . . . . . . Cetus Guard 3 | . . . . . . . . . . . . . . 3 . . . Thug 1 | . . . . . . . . . . . . . . . . . 1 Savage 3 | . . . . . . . . . . . . . 3 . . . . Best Kill Streak 18 | . 1 3 6 2 6 . 6 . 3 . . 5 6 3 8 . 18 Combat Bots Only 16 | . 1 3 4 1 5 . 3 . 3 . . 4 5 3 6 . 16 Max Kills in Single Turn 3 | . 1 1 3 2 3 . 2 . 2 . . 3 2 1 3 . 3 Gunslinging . | . . . . . . . . . . . . . . . . . . Exploded 3 | . . . 3 . 2 . 2 . 2 . . 3 2 . 1 . 3 Melee . | . . . . . . . . . . . . . . . . . . Uniques/NPCs Destroyed . | . . . . . . . . . . . . . . . . . . Combat | -11 -10 -9 -9 -9 -7 -7 -7 -7 -7 -7 -6 -6 -6 -6 -5 -5 -5 -------- Run | Scr Mat Mat Sto Rec Fac Was Fac Low Low Dat Pro Fac Ext Cet Fac Was Fac Damage Taken 19275 | . 135 724 965 . 327 402 1161 . 932 . 64 1131 2583 2475 2822 . 5554 Core 2152 | . 10 111 91 . 56 86 51 . 92 . . 76 220 358 203 . 798 Absorbed by Shields 147 | . . . . . . . . . . . . . 109 38 . . . Core Remaining (%) 65 | 100 96 . . 49 . . . . . . 59 . . 23 . . . Volleys Fired 515 | . 12 58 41 3 14 11 63 . 28 . . 56 55 50 70 . 54 Largest 3 | . 2 2 2 2 2 2 2 . 2 . . 2 2 2 3 . 3 Hottest 348 | . 40 133 133 70 210 210 133 . 210 . . 180 180 330 348 . 210 Shots Fired 956 | . 24 112 74 6 18 21 102 . 41 . . 97 97 91 185 . 88 Gun 487 | . 24 111 20 . . . 41 . 2 . . 54 24 54 105 . 52 Cannon 383 | . . 1 48 6 13 21 49 . 29 . . 33 63 37 77 . 6 Launcher 86 | . . . 6 . 5 . 12 . 10 . . 10 10 . 3 . 30 Special . | . . . . . . . . . . . . . . . . . . Kinetic 315 | . 24 66 7 . . . 41 . 2 . . 40 . 39 51 . 45 Thermal 546 | . . 46 61 6 13 21 49 . 29 . . 47 87 52 131 . 4 Explosive 5 | . . . . . 5 . . . . . . . . . . . . Electromagnetic 90 | . . . 6 . . . 12 . 10 . . 10 10 . 3 . 39 Robot Hit Streak 17 | . 4 17 10 2 7 15 11 . 15 . . 14 14 10 12 . 11 Robot Miss Streak 12 | . 2 4 6 3 2 1 4 . 2 . . 12 3 4 6 . 4 Penetration Max 1 | . . . . . . . . . . . . 1 . 1 1 . 1 Secondary Targets 2 | . . . . . . . . . . . . . . . 1 . 1 Max Gunslinging Chain 1 | . . . . . . . . . . . . . . . 1 . 1 Shots Hit Robots 612 | . 15 82 45 2 12 19 64 . 30 . . 47 68 54 117 . 57 Core Hits 441 | . 5 38 36 2 12 1 72 . 19 . . 52 47 25 49 . 83 Critical Hits 15 | . 1 1 3 . . . 2 . . . . . 2 2 2 . 2 Critical Kills 5 | . 1 . 1 . . . 1 . . . . . . 1 . . 1 Critical Parts Destroyed 6 | . . . 1 . . . 1 . . . . . . 1 2 . 1 Melee Attacks . | . . . . . . . . . . . . . . . . . . Impact . | . . . . . . . . . . . . . . . . . . Slashing . | . . . . . . . . . . . . . . . . . . Piercing . | . . . . . . . . . . . . . . . . . . Sneak Attacks . | . . . . . . . . . . . . . . . . . . Combat Hostiles . | . . . . . . . . . . . . . . . . . . Follow-up Attacks . | . . . . . . . . . . . . . . . . . . Damage Inflicted 26547 | . 101 925 1115 100 925 1318 3282 . 1782 . . 2095 2454 1804 4275 . 6371 Guns 7295 | . 101 905 191 . . . 614 . . . . 924 398 1019 2151 . 992 Cannons 10066 | . . 20 719 67 443 1318 1763 . 1138 . . 511 1518 785 1717 . 67 Explosions 9048 | . . . 205 . 482 . 905 . 644 . . 621 500 . 407 . 5284 Melee . | . . . . . . . . . . . . . . . . . . Ramming 138 | . . . . 33 . . . . . . . 39 38 . . . 28 Kinetic 4360 | . 101 393 68 . . . 614 . . . . 788 . 696 822 . 878 Thermal 13686 | . . 532 905 67 443 1318 1858 . 1228 . . 750 1963 1108 3046 . 468 Explosive 644 | . . . . . 482 . 162 . . . . . . . . . . Electromagnetic 7719 | . . . 142 . . . 648 . 554 . . 518 453 . 407 . 4997 Impact . | . . . . . . . . . . . . . . . . . . Slashing . | . . . . . . . . . . . . . . . . . . Piercing . | . . . . . . . . . . . . . . . . . . Highest Corruption 36 | . . . . . . . . . . . . . 1 1 . . 36 Average Corruption 2 | . . . . . . . . . . . . . 1 1 . . 4 Corruption Purged . | . . . . . . . . . . . . . . . . . . Effects 25 | . . . . . . . . . . . . . 3 3 . . 19 Message Errors 7 | . . . . . . . . . . . . . 1 1 . . 5 Matter Fused 4 | . . . . . . . . . . . . . . . . . 4 Energy Discharges 4 | . . . . . . . . . . . . . 1 1 . . 2 Parts Rejected 1 | . . . . . . . . . . . . . . . . . 1 Data Loss (minor) 1 | . . . . . . . . . . . . . . . . . 1 Alerts 1 | . . . . . . . . . . . . . . . . . 1 Misdirections 1 | . . . . . . . . . . . . . . . . . 1 Targeting Errors 6 | . . . . . . . . . . . . . 1 1 . . 4 Overload Shots 86 | . . . . . 8 21 22 . 13 . . 9 . 4 9 . . Effects 10 | . . . . . . 3 4 . . . . 2 . 1 . . . Energy Bleed 1 | . . . . . . . . . . . . . . 1 . . . Heat Surge 3 | . . . . . . 2 1 . . . . . . . . . . Short Circuit 1 | . . . . . . 1 . . . . . . . . . . . Meltdown 5 | . . . . . . . 3 . . . . 2 . . . . . Overflow Damage 749 | . . . 22 . 57 . 187 . 123 . . 41 63 . 97 . 159 Projectiles 528 | . . . 22 . 54 . 183 . 123 . . 32 34 . 75 . 5 Explosions 212 | . . . . . 3 . 4 . . . . . 29 . 22 . 154 Melee 9 | . . . . . . . . . . . . 9 . . . . . Knockbacks 2 | . . . . . . . . . . . . 1 1 . . . . Impact 2 | . . . . . . . . . . . . 1 1 . . . . Kinetic . | . . . . . . . . . . . . . . . . . . Secondary . | . . . . . . . . . . . . . . . . . . Self-Inflicted Damage 500 | . . . 80 . . . 20 . . . . 140 43 . 28 . 189 Shots 17 | . . . 3 . . . 2 . . . . 3 1 . 1 . 7 Rammed 15 | . . . . 3 . . . . . . . . 1 . . . 11 Targets Rammed 22 | . . . . 4 . . . . . . . 1 1 . . . 16 Kicked 6 | . . . . . . . . . . . . 1 . . . . 5 Crushed 1 | . . . . 1 . . . . . . . . . . . . . Highest Temperature 694 | . 18 195 493 . 12 78 255 . 78 . . 330 418 694 304 . 90 Average Temperature 97 | . 10 59 151 . 9 63 63 . 26 . . 93 94 153 83 . 35 Received Heat Transfer 3195 | . 78 384 288 . 27 . 267 . 168 . 18 168 476 256 513 . 552 Effects 21 | . . . 4 . . . . . . . . . 3 14 . . . Shutdowns 8 | . . . 1 . . . . . . . . . 2 5 . . . Energy Bleed 3 | . . . 1 . . . . . . . . . 1 1 . . . Interference 1 | . . . . . . . . . . . . . . 1 . . . Matter Decay 3 | . . . 1 . . . . . . . . . . 2 . . . Short Circuit 2 | . . . . . . . . . . . . . . 2 . . . Damage (minor) 2 | . . . 1 . . . . . . . . . . 1 . . . Damage (core) 2 | . . . . . . . . . . . . . . 2 . . . Siege Activations . | . . . . . . . . . . . . . . . . . . Robots Corrupted 22 | . . . . . . . . . . . . 1 . . . . 21 Combat Hostiles 21 | . . . . . . . . . . . . 1 . . . . 20 Parts Fried 33 | . . . . . . . 1 . 2 . . 1 2 . 2 . 25 Impact Corruptions 1 | . . . . . . . . . . . . 1 . . . . . Robots Melted 2 | . . . . . . . . . . . . . . 1 1 . . Combat Hostiles 2 | . . . . . . . . . . . . . . 1 1 . . Parts Melted 39 | . . 1 4 . 3 . 8 . . . . . 8 5 9 . 1 Heat Transferred 18350 | . . 1079 1359 100 570 1600 2410 . 1480 . . 989 3187 1583 3332 . 661 Parts Sabotaged 1 | . . . . . . . . . . . . . . . . . 1 Parts Stolen . | . . . . . . . . . . . . . . . . . . Parts Stripped . | . . . . . . . . . . . . . . . . . . Power Chain Reactions 12 | . . . 3 . . . 2 . 1 . . . 2 . . . 4 Missiles Intercepted . | . . . . . . . . . . . . . . . . . . Alert | -11 -10 -9 -9 -9 -7 -7 -7 -7 -7 -7 -6 -6 -6 -6 -5 -5 -5 ------- Run | Scr Mat Mat Sto Rec Fac Was Fac Low Low Dat Pro Fac Ext Cet Fac Was Fac Peak Influence 3845 | . 74 300 455 192 1228 395 543 . . . . 373 580 753 1405 464 3845 Initial 928 | . . 31 69 177 928 394 252 . . . . . 114 290 337 448 324 Average 549 | . 41 169 263 79 997 363 327 . . . . 200 302 379 897 456 1968 Maximum Alert Level 5 | . . 1 2 . 4 1 2 . . . . 1 2 3 4 2 5 Low Security (%) 24 | 100 100 63 45 100 . . 14 . . . . 31 27 . . . . Level 1 35 | . . 36 41 . . 100 51 . . . . 68 38 64 11 . 1 Level 2 20 | . . . 12 . . . 33 . . . . . 34 29 18 100 29 Level 3 9 | . . . . . 82 . . . . . . . . 5 37 . 7 Level 4 5 | . . . . . 17 . . . . . . . . . 32 . 11 Level 5 . | . . . . . . . . . . . . . . . . . . High Security 5 | . . . . . . . . . . . . . . . . . 49 Max Security . | . . . . . . . . . . . . . . . . . . Squads Dispatched 56 | . . 1 . . 1 . 5 . . . . 5 4 1 13 . 26 Investigation 10 | . . 1 . . 1 . . . . . . 1 . 1 1 . 5 Extermination 4 | . . . . . . . 3 . . . . 1 . . . . . Reinforcement 14 | . . . . . . . 2 . . . . 2 3 . 6 . 1 Assault 19 | . . . . . . . . . . . . . 1 . 2 . 16 Garrison 9 | . . . . . . . . . . . . 1 . . 4 . 4 Intercept . | . . . . . . . . . . . . . . . . . . Construction Impeded 3 | . . . . . . . 1 . . . . . 1 . 1 . . Haulers Reinforced 5 | . . . . . . . 1 . . . . . . . 4 . . Stealth | -11 -10 -9 -9 -9 -7 -7 -7 -7 -7 -7 -6 -6 -6 -6 -5 -5 -5 --------- Run | Scr Mat Mat Sto Rec Fac Was Fac Low Low Dat Pro Fac Ext Cet Fac Was Fac Distress Signals 14 | . . 2 2 . . . 4 . . . . 1 2 2 1 . . Communications Jammed . | . . . . . . . . . . . . . . . . . . Distress Signals . | . . . . . . . . . . . . . . . . . . Times Spotted 392 | . 3 15 21 22 10 6 28 . 15 . 1 30 42 33 45 . 121 Peak Tracking Total 24 | . 2 4 4 6 5 6 4 . 5 . 1 5 6 11 5 . 24 Tactical Retreats 22 | . 1 2 1 . . . 2 . 5 . . 2 4 . 2 . 3 Traps | -11 -10 -9 -9 -9 -7 -7 -7 -7 -7 -7 -6 -6 -6 -6 -5 -5 -5 ------- Run | Scr Mat Mat Sto Rec Fac Was Fac Low Low Dat Pro Fac Ext Cet Fac Was Fac Traps Triggered 8 | . . . 2 . 1 . . . . . . . 2 . 1 . 2 Indirectly 2 | . . . . . . . . . . . . . . . . . 2 Trap Hack Attempts . | . . . . . . . . . . . . . . . . . . Triggered . | . . . . . . . . . . . . . . . . . . Disarmed . | . . . . . . . . . . . . . . . . . . Reprogrammed . | . . . . . . . . . . . . . . . . . . Reused . | . . . . . . . . . . . . . . . . . . Traps Extracted . | . . . . . . . . . . . . . . . . . . Installed . | . . . . . . . . . . . . . . . . . . Triggered 2 | . . . . . . . . . . . 2 . . . . . . Machines | -11 -10 -9 -9 -9 -7 -7 -7 -7 -7 -7 -6 -6 -6 -6 -5 -5 -5 ---------- Run | Scr Mat Mat Sto Rec Fac Was Fac Low Low Dat Pro Fac Ext Cet Fac Was Fac Machines Disabled 46 | . . . 2 . 5 . 5 . . . . 3 2 1 8 . 20 Max in Single Turn 4 | . . . 1 . 3 . 2 . . . . 2 1 1 1 . 4 Garrison Access 5 | . . . 1 . . . . . . . . . . . 1 . 3 Machines Sabotaged . | . . . . . . . . . . . . . . . . . . Garrisons Compromised . | . . . . . . . . . . . . . . . . . . Overloaded Fab Kills . | . . . . . . . . . . . . . . . . . . Fab Network Shutdowns . | . . . . . . . . . . . . . . . . . . Hacking | -11 -10 -9 -9 -9 -7 -7 -7 -7 -7 -7 -6 -6 -6 -6 -5 -5 -5 --------- Run | Scr Mat Mat Sto Rec Fac Was Fac Low Low Dat Pro Fac Ext Cet Fac Was Fac Machines Accessed 48 | . 1 2 7 4 4 . 5 . 2 4 . 2 4 3 2 . 8 Terminals 25 | . 1 2 6 3 1 . 1 . . . . 1 4 3 1 . 2 Fabricators 7 | . . . . . 2 . 2 . . . . 1 . . . . 2 Repair Stations 3 | . . . . . 1 . 1 . . . . . . . . . 1 Recycling Units 1 | . . . . 1 . . . . . . . . . . . . . Scanalyzers 2 | . . . . . . . 1 . . . . . . . . . 1 Garrison Access 4 | . . . 1 . . . . . . . . . . . 1 . 2 Total Hacks 121 | . 2 5 12 10 8 . 15 . 2 26 . 4 7 5 6 . 19 Successful 66 | . 1 1 5 8 3 . 8 . 2 26 . . 2 2 1 . 7 Failed 55 | . 1 4 7 2 5 . 7 . . . . 4 5 3 5 . 12 Catastrophic 9 | . . 1 2 . . . . . . . . . 2 2 1 . 1 Database Lockouts . | . . . . . . . . . . . . . . . . . . Manual 27 | . 2 5 6 1 . . . . . . . 1 3 3 3 . 3 Terminals 50 | . 2 5 9 8 2 . 2 . . . . 1 7 5 4 . 5 Fabricators 19 | . . . . . 5 . 5 . . . . 3 . . . . 6 Repair Stations 6 | . . . . . 1 . 3 . . . . . . . . . 2 Recycling Units 2 | . . . . 2 . . . . . . . . . . . . . Scanalyzers 8 | . . . . . . . 5 . . . . . . . . . 3 Garrison Access 8 | . . . 3 . . . . . . . . . . . 2 . 3 Terminal Hacks 49 | . 1 1 4 6 1 . 2 . 2 26 . . 2 2 1 . 1 Record 16 | . . . . 1 . . . . . 11 . . 2 2 . . . Part Schematic 7 | . . . . 1 . . . . . 6 . . . . . . . Robot Schematic 6 | . . . . . . . . . . 6 . . . . . . . Prototype ID Bank 3 | . . . . . . . . . . 3 . . . . . . . Open Door 5 | . . . 3 . . . . . 2 . . . . . . . . Level Access Points 1 | . . . . . . . 1 . . . . . . . . . . Branch Access Points 5 | . 1 1 1 1 . . 1 . . . . . . . . . . Alert Level 4 | . . . . 1 1 . . . . . . . . . 1 . 1 Unreport Threat 1 | . . . . 1 . . . . . . . . . . . . . Zone Layout 1 | . . . . 1 . . . . . . . . . . . . . Fabricator Hacks 8 | . . . . . 2 . 4 . . . . . . . . . 2 Load Schematic 5 | . . . . . 1 . 2 . . . . . . . . . 2 Build 3 | . . . . . 1 . 2 . . . . . . . . . . Repair Station Hacks 1 | . . . . . . . 1 . . . . . . . . . . Scan Component 1 | . . . . . . . 1 . . . . . . . . . . Recycling Unit Hacks 2 | . . . . 2 . . . . . . . . . . . . . Process 1 | . . . . 1 . . . . . . . . . . . . . Report Inventory 1 | . . . . 1 . . . . . . . . . . . . . Scanalyzer 3 | . . . . . . . 1 . . . . . . . . . 2 Insert Component 2 | . . . . . . . 1 . . . . . . . . . 1 Analyze 1 | . . . . . . . . . . . . . . . . . 1 Garrison Access Hacks 2 | . . . 1 . . . . . . . . . . . . . 1 Seal Access 2 | . . . 1 . . . . . . . . . . . . . 1 Unauthorized Hacks 1 | . . . . . . . . . . . . . . . . . 1 Terminals . | . . . . . . . . . . . . . . . . . . Fabricators . | . . . . . . . . . . . . . . . . . . Repair Stations . | . . . . . . . . . . . . . . . . . . Recycling Units . | . . . . . . . . . . . . . . . . . . Scanalyzers . | . . . . . . . . . . . . . . . . . . Garrison Access 1 | . . . . . . . . . . . . . . . . . 1 Reprogram 1 | . . . . . . . . . . . . . . . . . 1 Data Cores Recovered . | . . . . . . . . . . . . . . . . . . Used . | . . . . . . . . . . . . . . . . . . Hacking Detections 39 | . 1 2 5 2 4 . 5 . . . . 2 4 4 2 . 8 Full Trace Events 10 | . . 1 1 . 1 . . . . . . . . 1 1 . 5 Feedback Events 1 | . . . . . . . . . . . . . . . . . 1 Corruption 1 | . . . . . . . . . . . . . . . . . 1 Feedback Blocked . | . . . . . . . . . . . . . . . . . . Robot Schematics Acquired 6 | . . . . . . . . . . 6 . . . . . . . Robots Built . | . . . . . . . . . . . . . . . . . . Matter . | . . . . . . . . . . . . . . . . . . Time . | . . . . . . . . . . . . . . . . . . Total Robot Build Rating . | . . . . . . . . . . . . . . . . . . Part Schematics Acquired 8 | . . . . 1 . . . . . 6 . . . . . . 1 Parts Built 6 | . . . . . 2 . 4 . . . . . . . . . . Matter 438 | . . . . . 146 . 292 . . . . . . . . . . Time 170 | . . . . . 24 . 146 . . . . . . . . . . Total Part Build Rating 18 | . . . . . 6 . 12 . . . . . . . . . . Parts Repaired . | . . . . . . . . . . . . . . . . . . Time . | . . . . . . . . . . . . . . . . . . Parts Recycled . | . . . . . . . . . . . . . . . . . . Recycled Matter . | . . . . . . . . . . . . . . . . . . Retrieved Matter . | . . . . . . . . . . . . . . . . . . Retrieved Components . | . . . . . . . . . . . . . . . . . . Parts Scanalyzed 2 | . . . . . . . 1 . . . . . . . . . 1 Part Schematics Acquired 1 | . . . . . . . . . . . . . . . . . 1 Parts Damaged . | . . . . . . . . . . . . . . . . . . Bothacking | -11 -10 -9 -9 -9 -7 -7 -7 -7 -7 -7 -6 -6 -6 -6 -5 -5 -5 ------------ Run | Scr Mat Mat Sto Rec Fac Was Fac Low Low Dat Pro Fac Ext Cet Fac Was Fac Used RIF Installer . | . . . . . . . . . . . . . . . . . . Robots Hacked . | . . . . . . . . . . . . . . . . . . Non-combat . | . . . . . . . . . . . . . . . . . . Combat . | . . . . . . . . . . . . . . . . . . Robot Hacks Applied . | . . . . . . . . . . . . . . . . . . Relay Couplers Released 4 | . . . . . . . . . . . . . . . 2 . 2 Machine Destruction 4 | . . . . . . . . . . . . . . . 2 . 2 Robots Rewired 4 | . . . . . . . . . . . . . 4 . . . . Allies Hacked . | . . . . . . . . . . . . . . . . . . Hacks Repelled . | . . . . . . . . . . . . . . . . . . Allies | -11 -10 -9 -9 -9 -7 -7 -7 -7 -7 -7 -6 -6 -6 -6 -5 -5 -5 -------- Run | Scr Mat Mat Sto Rec Fac Was Fac Low Low Dat Pro Fac Ext Cet Fac Was Fac Total Allies 38 | . . . . . . . . . . . 1 . 8 6 . 20 3 Largest Group 20 | . . . . . . . . . . . . 1 5 5 2 20 20 Highest-Rated Group 772 | . . . . . . . . . . . . 94 251 470 186 772 772 Highest-Rated Ally 156 | . . . . . . . . . . . . 94 156 156 99 50 50 Total Orders 2 | . . . . . . . . . . . . . 2 . . . . ROAM 1 | . . . . . . . . . . . . . 1 . . . . FOLLOW 1 | . . . . . . . . . . . . . 1 . . . . Ally Attacks 444 | . . . . . . . . . . . . 19 64 88 34 4 235 Total Damage 15330 | . . . . . . . . . . . . 632 1750 3313 1384 226 8025 Kills 102 | . . . . . . . . . . . . 2 16 20 17 1 46 Allies Corrupted 1 | . . . . . . . . . . . . . . . . . 1 Allies Melted . | . . . . . . . . . . . . . . . . . . Intel | -11 -10 -9 -9 -9 -7 -7 -7 -7 -7 -7 -6 -6 -6 -6 -5 -5 -5 ------- Run | Scr Mat Mat Sto Rec Fac Was Fac Low Low Dat Pro Fac Ext Cet Fac Was Fac Robot Analysis Total . | . . . . . . . . . . . . . . . . . . Derelict Logs Recovered 4 | . . . . . . . . 1 1 . 2 . . . . . . Drone Launches . | . . . . . . . . . . . . . . . . . . Drone Recoveries . | . . . . . . . . . . . . . . . . . . Exploration | -11 -10 -9 -9 -9 -7 -7 -7 -7 -7 -7 -6 -6 -6 -6 -5 -5 -5 ------------- Run | Scr Mat Mat Sto Rec Fac Was Fac Low Low Dat Pro Fac Ext Cet Fac Was Fac Turns Passed 12893 | 62 145 515 781 627 597 250 1828 784 1533 119 411 1047 1334 811 847 107 1095 Spaces Moved 6663 | 54 85 228 376 380 307 130 837 475 735 80 275 530 660 379 387 65 680 Core 18 | 18 . . . . . . . . . . . . . . . . . Treads 2669 | . . . 341 380 307 22 673 475 464 . . . . . . . 7 Legs 3976 | 36 85 228 35 . . 108 164 . 271 80 275 530 660 379 387 65 673 Wheels . | . . . . . . . . . . . . . . . . . . Hover . | . . . . . . . . . . . . . . . . . . Flight . | . . . . . . . . . . . . . . . . . . Fastest Speed 50 | 50 120 120 150 160 160 150 150 165 150 150 120 150 150 120 120 120 120 Average Speed 150 | 96 120 127 159 160 160 160 170 165 158 150 149 150 150 140 136 120 125 Slowest Speed 200 | 120 120 150 160 160 160 200 180 165 165 150 150 150 150 180 150 120 160 Overloaded Moves . | . . . . . . . . . . . . . . . . . . Propulsion Burnouts . | . . . . . . . . . . . . . . . . . . Robots Hopped . | . . . . . . . . . . . . . . . . . . Cave-ins Triggered 2 | . . . . . . . . . . . . . . . . . 2 Exploration Rate (%) 46 | 4 19 26 74 88 11 70 23 66 76 68 49 16 73 71 14 67 19 Regions Visited 17 Branch Regions 8 Pre-discovered Areas 1 | . . . . . . . . . . 1 . . . . . . . Known Exits Taken 5 | . . 1 1 . . . 1 . . . 1 1 . . . . . Unknown Exits Taken 8 | 1 1 . . 1 . . . 1 1 1 . . 1 1 . . . Scrap Searched 7 | . . . . . . . . 3 3 . 1 . . . . . . Spaces Dug 18 | . . . . . . . 4 . . . . 10 4 . . . . Terrain Destroyed 278 | . . . 20 2 43 1 69 . 12 . . 50 11 7 18 . 45 Melee . | . . . . . . . . . . . . . . . . . . Projectile 89 | . . . 7 2 3 1 12 . 6 . . 22 11 7 18 . . AOE 189 | . . . 13 . 40 . 57 . 6 . . 28 . . . . 45 Terrain Rammed . | . . . . . . . . . . . . . . . . . . Walls Destroyed . | . . . . . . . . . . . . . . . . . . Machines Disabled . | . . . . . . . . . . . . . . . . . . Actions | -11 -10 -9 -9 -9 -7 -7 -7 -7 -7 -7 -6 -6 -6 -6 -5 -5 -5 --------- Run | Scr Mat Mat Sto Rec Fac Was Fac Low Low Dat Pro Fac Ext Cet Fac Was Fac Total 8583 | 61 108 340 489 391 395 150 1130 475 1059 79 274 684 904 563 553 94 834 Wait 837 | . 11 23 17 5 47 4 187 . 258 . . 41 83 60 56 30 15 Move 6648 | 53 84 227 375 379 307 129 836 474 734 79 274 529 659 378 387 64 680 Hop . | . . . . . . . . . . . . . . . . . . Pick Up 116 | 2 . 15 17 . 6 . 12 1 4 . . 14 13 15 8 . 9 Fast Attach 54 | 6 . 3 2 . 2 . 6 . 2 . . 6 4 8 4 . 11 Attach 85 | . . 6 4 . 3 5 3 . 2 . . 7 15 11 12 . 17 Detach 28 | . . . . . 2 1 2 . 2 . . 1 5 6 3 . 6 Swap 131 | . 1 4 15 . 8 . 13 . 17 . . 11 15 19 5 . 23 Drop 104 | . . 4 18 . 6 . 8 . 12 . . 18 12 16 8 . 2 Fire 515 | . 12 58 41 3 14 11 63 . 28 . . 56 55 50 70 . 54 Melee . | . . . . . . . . . . . . . . . . . . Ram 1 | . . . . . . . . . . . . . . . . . 1 Kick 8 | . . . . . . . . . . . . 1 1 . . . 6 Crush 14 | . . . . 4 . . . . . . . . . . . . 10 Escape Stasis 8 | . . . . . . . . . . . . . 8 . . . . Rewire 34 | . . . . . . . . . . . . . 34 . . . . Trap . | . . . . . . . . . . . . . . . . . . Miscellaneous . | . . . . . . . . . . . . . . . . . . Route ------- -11/Scrapyard -10/Materials (discovered 2 exits: *Mat / Min) -9/Materials (discovered 4 exits: Min x2 / *Sto x2) -9/Storage (discovered 2 exits: [*Mat] / *Rec) -9/Recycling -7/Factory -7/Waste -7/Factory (discovered 6 exits: Fac x4 / *Low x2) -7/Lower Caves -7/Lower Caves -7/Data Miner -6/Proximity Caves -6/Factory -6/Extension (discovered 2 exits: *Fac / *Cet) -6/Cetus (discovered 2 exits: *Fac / [*Arc]) -5/Factory -5/Waste -5/Factory History --------- Turn | Location | Event 2 | -11/Scrapyard | Met Revision 17 3 | -11/Scrapyard | Discovered new exit (range 15) 63 | -11/Scrapyard | Entered Materials 74 | -10/Materials | Identified exit to Mines 192 | -10/Materials | Discovered new exit (range 13) 208 | -10/Materials | Entered another Materials area 208 | -9/Materials | Evolved 2 slots: Propulsion x2 300 | -9/Materials | Build established: Mutant 499 | -9/Materials | Identified exit to Mines 499 | -9/Materials | Identified exit to Storage 723 | -9/Materials | Entered Storage 941 | -9/Storage | Lost 3 parts (2n1w) 945 | -9/Storage | Build established: Scavenger-Mutant 1170 | -9/Storage | Discovered new exit (range 16) 1230 | -9/Storage | Core integrity fell below 50% 1266 | -9/Storage | Identified exit to Recycling 1498 | -9/Storage | Used back door to open Recycling access 1504 | -9/Storage | Entered Recycling 1528 | -9/Recycling | Spotter reported a threat 1531 | -9/Recycling | Spotter reported a threat 1539 | -9/Recycling | Spotter reported a threat 1552 | -9/Recycling | Spotter reported a threat 1552 | -9/Recycling | Spotter reported a threat 1581 | -9/Recycling | Spotter reported a threat 1584 | -9/Recycling | Spotter reported a threat 1605 | -9/Recycling | Spotter reported a threat 1623 | -9/Recycling | Spotter reported a threat 1634 | -9/Recycling | Spotter reported a threat 1676 | -9/Recycling | Spotter reported a threat 1690 | -9/Recycling | Spotter reported a threat 1729 | -9/Recycling | Spotter reported a threat 1743 | -9/Recycling | Spotter reported a threat 1757 | -9/Recycling | Spotter reported a threat 1764 | -9/Recycling | Spotter reported a threat 1774 | -9/Recycling | Spotter reported a threat 1782 | -9/Recycling | Spotter reported a threat 1788 | -9/Recycling | Spotter reported a threat 1796 | -9/Recycling | Spotter reported a threat 1810 | -9/Recycling | Spotter reported a threat 1817 | -9/Recycling | Spotter reported a threat 1827 | -9/Recycling | Spotter reported a threat 1845 | -9/Recycling | Spotter reported a threat 1862 | -9/Recycling | Spotter reported a threat 1889 | -9/Recycling | Spotter reported a threat 1898 | -9/Recycling | Spotter reported a threat 1902 | -9/Recycling | Spotter reported a threat 1918 | -9/Recycling | Spotter reported a threat 1955 | -9/Recycling | Spotter reported a threat 2009 | -9/Recycling | Spotter reported a threat 2009 | -9/Recycling | Spotter reported a threat 2010 | -9/Recycling | Spotter reported a threat 2027 | -9/Recycling | Spotter reported a threat 2062 | -9/Recycling | Spotter reported a threat 2063 | -9/Recycling | Spotter reported a threat 2090 | -9/Recycling | Discovered new exit (range 15) 2131 | -9/Recycling | Entered Factory 2131 | -7/Factory | Evolved 4 slots: Utility x4 2328 | -7/Factory | Fabricated Carbon-fiber Leg (x2) 2728 | -7/Factory | Sucked down chute 2728 | -7/Factory | Entered Waste 2743 | -7/Waste | Spotted C-40 Crusher 2779 | -7/Waste | Crushed by Compactor (1 part destroyed) 2793 | -7/Waste | Crushed by Compactor (1 part destroyed) 2799 | -7/Waste | Crushed by Compactor (1 part destroyed) 2802 | -7/Waste | Crushed by Compactor (0 parts destroyed, 1 dropped) 2823 | -7/Waste | Spotted C-40 Crusher 2828 | -7/Waste | Spotted C-40 Crusher 2830 | -7/Waste | Lost 4 parts (3n1w) 2834 | -7/Waste | Spotted C-40 Crusher 2838 | -7/Waste | Crushed by Compactor (1 part destroyed) 2905 | -7/Waste | Spotted C-40 Crusher 2914 | -7/Waste | Spotted C-40 Crusher 2928 | -7/Waste | Crushed by Compactor (0 parts destroyed, 1 dropped) 2931 | -7/Waste | Crushed by Compactor (0 parts destroyed, 1 dropped) 2964 | -7/Waste | Discovered new exit (range 10) 2978 | -7/Waste | Entered Factory 3108 | -7/Factory | Build established: Mutant 3761 | -7/Factory | Build established: Scavenger-Mutant 4150 | -7/Factory | Fabricated Carbon-fiber Leg (x2) 4537 | -7/Factory | Fabricated Carbon-fiber Leg (x2) 4559 | -7/Factory | Identified exit to Lower Caves 4559 | -7/Factory | Identified exit to Factory 4751 | -7/Factory | Build established: Mutant 4806 | -7/Factory | Entered Lower Caves 5098 | -7/Lower Caves | Learned Factory trap positions 5259 | -7/Lower Caves | Encountered a Warlord checkpoint 5416 | -7/Lower Caves | Discovered new exit (range 7) 5590 | -7/Lower Caves | Entered another Lower Caves area 5718 | -7/Lower Caves | Found Prototype Device 6077 | -7/Lower Caves | Learned Factory garrison access intel 6162 | -7/Lower Caves | Spotted B-75 Beast 6226 | -7/Lower Caves | Destroyed B-75 Beast 6313 | -7/Lower Caves | Identified Heart of Steel 6823 | -7/Lower Caves | Encountered a Warlord checkpoint 6877 | -7/Lower Caves | Discovered new exit (range 14) 7004 | -7/Lower Caves | Build established: Machinist-Mutant 7123 | -7/Lower Caves | Entered Data Miner 7123 | -7/Data Miner | Discovered new exit (range 6) 7152 | -7/Data Miner | Met Data Miner 7183 | -7/Data Miner | Learned location of Section 7 (-2) 7183 | -7/Data Miner | Acquired the access code to Warlord's prototype stash 7207 | -7/Data Miner | Received God Mode back door access code from Data Miner 7242 | -7/Data Miner | Entered Proximity Caves 7308 | -6/Proximity Caves | Learned location of 1 exit from Factory 7401 | -6/Proximity Caves | Learned Factory terminal intel 7632 | -6/Proximity Caves | Discovered exit to Factory (range 13) 7653 | -6/Proximity Caves | Attracted the attention of an 0b10 checkpoint 7653 | -6/Proximity Caves | Entered Factory 7653 | -6/Factory | Accompanied by 1 ally 7653 | -6/Factory | Evolved 2 slots: Power x1, Utility x1 7654 | -6/Factory | Escorted by Enhanced Grunt 7654 | -6/Factory | Identified exit to Extension 7655 | -6/Factory | Loaded intel: 77 trap records 7656 | -6/Factory | Loaded intel: 21 terminal locations 7657 | -6/Factory | Loaded intel: 4 garrison access locations 8140 | -6/Factory | Garrison activated, responded to threat 8214 | -6/Factory | Incoming investigation squad redirected 8356 | -6/Factory | Build established: Scavenger-Mutant 8700 | -6/Factory | Entered Extension 9250 | -6/Extension | Disrupted transfer network 9281 | -6/Extension | Spotted B-75 Beast 9430 | -6/Extension | Spotted B-75 Beast 9459 | -6/Extension | Rescued A7 9485 | -6/Extension | Lost 7 parts (2p1n1u3w) 9691 | -6/Extension | Rescued a captive Derelict 9750 | -6/Extension | First assault squad dispatched 9905 | -6/Extension | Rescued a captive Derelict 9906 | -6/Extension | Rescued a captive Derelict 9998 | -6/Extension | Discovered new exit (range 10) 10000 | -6/Extension | Discovered new exit (range 6) 10034 | -6/Extension | Entered Cetus 10034 | -6/Cetus | Accompanied by 5 allies (A7) 10039 | -6/Cetus | Acquired a Cetus Manufacturing Module code from A7 10054 | -6/Cetus | Spotted Cetus Guard 10054 | -6/Cetus | Spotted Cetus Guard 10056 | -6/Cetus | Spotted Cetus Guard 10057 | -6/Cetus | Spotted Cetus Guard 10065 | -6/Cetus | Allies destroyed Cetus Guard 10076 | -6/Cetus | Destroyed Cetus Guard 10087 | -6/Cetus | Core integrity fell below 50% 10100 | -6/Cetus | Destroyed Cetus Guard 10114 | -6/Cetus | Destroyed Cetus Guard 10116 | -6/Cetus | Extracted ID and sensor layout for unrecognized location from A7's data core 10137 | -6/Cetus | Lost 5 parts (1p4u) 10366 | -6/Cetus | Lost 3 parts (3u) 10389 | -6/Cetus | Started Cetus Manufacturing Module 10414 | -6/Cetus | Manufactured an Enhanced Grunt 10439 | -6/Cetus | Manufactured an Enhanced Grunt 10464 | -6/Cetus | Manufactured an Enhanced Grunt 10473 | -6/Cetus | Discovered new exit (range 16) 10489 | -6/Cetus | Manufactured an Enhanced Grunt 10497 | -6/Cetus | Spotted Cetus Guard 10498 | -6/Cetus | Spotted Cetus Guard 10514 | -6/Cetus | Manufactured an Enhanced Grunt 10530 | -6/Cetus | Spotted Cetus Guard 10558 | -6/Cetus | Spotted Cetus Guard 10564 | -6/Cetus | Allies destroyed Cetus Guard 10571 | -6/Cetus | Allies destroyed Cetus Guard 10590 | -6/Cetus | Allies destroyed Cetus Guard 10621 | -6/Cetus | Heart of Steel transformed into Warbot 10692 | -6/Cetus | Found Prototype Device 10693 | -6/Cetus | Identified Exp. Thermal Shield 10696 | -6/Cetus | Discovered new exit (range 16) 10717 | -6/Cetus | Met Revision 17 10845 | -6/Cetus | Entered Factory 10845 | -5/Factory | Accompanied by 2 allies (Warbot) 10845 | -5/Factory | Evolved 2 slots: Utility x1, Weapon x1 10996 | -5/Factory | Garrison activated, responded to threat 11145 | -5/Factory | First assault squad dispatched 11147 | -5/Factory | Build established: Scavenger-Tank 11169 | -5/Factory | Incoming assault squad redirected 11184 | -5/Factory | Found Prototype Launcher 11363 | -5/Factory | Lost 3 parts (3w) 11396 | -5/Factory | Garrison activated, responded to threat 11410 | -5/Factory | Identified Tesla Bomb Launcher 11454 | -5/Factory | Lost 5 parts (1p3u1w) 11593 | -5/Factory | Incoming investigation squad redirected 11692 | -5/Factory | Sucked down chute 11692 | -5/Factory | Entered Waste 11693 | -5/Waste | Joined by Warlord forces that had cleared the area 11708 | -5/Waste | Lost 5 parts (1p1u3w) 11740 | -5/Waste | A Compactor rumbled back to life 11740 | -5/Waste | Spotted C-40 Crusher 11740 | -5/Waste | Allies destroyed C-40 Crusher 11751 | -5/Waste | Discovered new exit (range 16) 11799 | -5/Waste | Entered Factory 11799 | -5/Factory | Accompanied by 20 allies 11973 | -5/Factory | Incoming investigation squad redirected 11975 | -5/Factory | Build established: Scavenger-Mutant 12096 | -5/Factory | Incoming investigation squad redirected 12212 | -5/Factory | Garrison activated, responded to threat 12278 | -5/Factory | Build established: Scavenger-Tank 12342 | -5/Factory | Garrison activated, responded to threat 12349 | -5/Factory | High security lockdown imminent 12429 | -5/Factory | High security lockdown engaged 12477 | -5/Factory | Crushed by falling debris 12645 | -5/Factory | Destroyed 16 combat bots 12731 | -5/Factory | Destroyed 10 combat bots 12777 | -5/Factory | Crushed by falling debris 12777 | -5/Factory | System corruption reached 10% 12798 | -5/Factory | Destroyed 9 combat bots 12829 | -5/Factory | Core integrity fell below 50% 12859 | -5/Factory | Core integrity fell below 20% 12888 | -5/Factory | System corruption reached 30% 12894 | -5/Factory | Destroyed by P-70 Sage with Tesla Rifle Last Messages --------------- 12878_ Enh. Flexi-carbon Leg destroyed. 12878_ Slug penetrates Wall. 12878_ Slammed into B-60 Warrior. 12878_ Variable Charge Gun destroyed. 12880_ Slammed into B-60 Warrior. 12881_ Slammed into G-50 Soldier. 12886_ Hpw. Shock Rifle destroyed. 12886_ Slammed into B-60 Warrior. 12887_ Plasma Rifle destroyed. 12887_ System corrupted by crushing effect (+5). 12888_ Slammed into B-60 Warrior. 12889_ Flexi-carbon Leg destroyed. 12889_ Slammed into B-60 Warrior. 12892_ Imp. Heat Sink destroyed. 12893_ UF,HYIL